Map: Orbital Shipyard

Players

LoVe

  • Race: Zerg Zerg
  • League: Grandmaster

Javert - Winner!

  • Race: Zerg Zerg
  • League: Grandmaster

VOD

Have the link to the VOD?

Description

Time

  • Played on: June 23, 2015, 8:11 p.m.
  • Length: 3:59
Show
View Real Time Build Order
Export as new Build Order

LoVe Zerg 

Build Orders: 3 Hatch before Pool 

Get SALT Encoding   

  12  0:01  Drone  
  13  0:12  Overlord  
  13  0:18  Drone  
  14  0:24  Drone, Extractor  
  15  0:30  Drone  
  15  0:34  Drone  
  17  0:45  Drone  
  18  0:55  Drone  
  19  1:01  Hatchery  
  18  1:12  Drone  
  19  1:21  Hatchery  
  19  1:23  Drone  
  19  1:39  Spawning Pool  
  18  1:40  Drone  
  18  1:41  Extractor  
  18  1:43  Drone  
  19  1:51  Drone  
  20  2:01  Drone  
  21  2:10  Drone  
  22  2:16  Drone  
  23  2:25  Drone x2  
  23  2:26  Queen  
  27  2:32  Drone, Queen  
  27  2:35  Queen  
  32  2:41  Drone x2  
  34  2:59  Overlord  
  30  3:27  Zergling x2  
  30  3:28  Zergling x16  
Show
View Real Time Build Order
Export as new Build Order

Javert Zerg - Winner!

Build Orders: Hatch First 

Get SALT Encoding   

  12  0:01  Drone  
  13  0:14  Overlord  
  13  0:17  Drone  
  14  0:33  Drone x2  
  16  0:48  Hatchery  
  15  0:52  Drone  
  16  0:57  Extractor  
  16  1:00  Drone  
  16  1:01  Drone  
  17  1:09  Drone  
  18  1:22  Spawning Pool  
  18  1:24  Drone  
  18  1:30  Drone  
  19  1:43  Overlord  
  19  1:51  Drone  
  20  2:05  Drone x2  
  22  2:08  Metabolic Boost  
  22  2:09  Queen  
  22  2:11  Queen  
  22  2:13  Zergling x2  
  27  2:18  Zergling x2  
  28  2:28  Zergling x4  
  30  2:35  Drone x2  
  32  2:44  Overlord  
  32  2:56  Zergling x6  
  35  3:02  Baneling Nest  
  34  3:06  Drone  
  34  3:22  Drone  
  34  3:23  Drone x5  
  40  3:29  Drone x4  
Tags
 
Add a new tag
Caveats
  • Supply blocks, unpowered buildings, or Contaminate may cause inaccurate times.
  • Supply counts are checked every 10 seconds.